cohdb
Replays
Latest Replays
All Replays
Popular Replays
Top Player Replays
Match Explorer
How It Works
Community
CoH3 Stats
Reddit
Sign in to upload your games and track your stats! →
Sign in with Steam
Match 40376894
Unlisted
Match 40376894
Overview
Messages
Build Orders
End
Construct Section Command Post
Infantry Section
Selects Canadian Shock Battlegroup
Infantry Section
Grenade Package
Selects Offensive Resupply
Selects Canadian Shock Section
Canadian Shock Section
Construct Platoon Command Post
Unlock M3 Stuart Light Tanks
Selects Incendiary Munitions
M3 Stuart Light Tank
Canadian Shock Section
Selects Pyrotechnics
Infantry Training
6-pounder Anti-tank Gun Team
Vickers Machine Gun Team
Construct Company Command Post
Matilda II Heavy Tank
Foot Guards Section
Selects Churchill Crocodile Heavy Tank
Heretek
Big Ham (DFC)
Plazer4 (DFC)
carlosweraved
oox_ii_coSS
Nashorn101
0
0
Comments
sign in to comment!
No comments posted yet!